AoeStats
← O grande

Arabia

510011446Analyzed
1v1 RM · 2d ago on Sep 29, 2026· 56m 24s· 2 players
Game mode
Random Map
Map size
Tiny (2 player)
Population
200
Speed
Normal
Resources
Standard
Victory
Conquest
Starting age
Dark Age
Ending age
Imperial Age
RankedLock teamsTeams togetherTeam positionsShared explorationLock speedFull tech treeHidden civsTurbo modeCheats
Victory
Defeat
🇧🇷 Japanese · Brazil
2126
+15
🇧🇷 Britons · Brazil
2094
-15
O grande
6:26 Loom
8:49 Feudal Age
10:24 Double-Bit Axe
14:50 Double-Bit Axe
15:27 Fletching
22:57 Castle Age
21:30 Padded Archer Armor
21:29 Horse Collar
22:28 Gold Mining
23:38 Bodkin Arrow
23:40 Crossbowman
25:24 Bow Saw
27:44 Ballistics
29:36 Leather Archer Armor
28:52 Elite Skirmisher
43:15 Imperial Age
42:06 Masonry
42:07 Heavy Plow
42:43 Gold Shaft Mining
42:02 Stone Mining
42:48 Wheelbarrow
41:58 Town Watch
44:11 Bracer
46:05 Chemistry
49:04 Ring Archer Armor
49:28 Capped Ram
54:00 Hand Cart
54:12 Town Watch
GAX | Huns N' Roses
5:56 Loom
8:15 Feudal Age
9:10 Double-Bit Axe
13:36 Town Watch
14:21 Fletching
16:33 Padded Archer Armor
21:09 Castle Age
21:14 Bloodlines
21:47 Bodkin Arrow
22:03 Bow Saw
25:43 Leather Archer Armor
26:03 Ballistics
28:10 Horse Collar
29:31 Wheelbarrow
31:50 Husbandry
32:29 Gold Mining
32:20 Elite Skirmisher
35:14 Hand Cart
35:45 Stone Mining
39:31 Imperial Age
39:39 Heavy Plow
40:15 Bracer
40:42 Conscription
41:33 Chemistry
41:35 Ring Archer Armor
42:01 Heavy Cavalry Archer
44:24 Thumb Ring
45:37 Parthian Tactics
46:02 Masonry
47:46 Yasama
48:47 Two-Man Saw
48:40 Gold Shaft Mining
48:30 Kataparuto
48:24 Guard Tower
49:53 Elite Samurai
50:34 Scale Mail Armor
50:45 Forging
55:55 Chain Mail Armor
56:17 Iron Casting
57:10 Keep
56:32 Arrowslits
Connection lost

Rejoining the realm…

Still unreachable

The connection could not be restored.

Session expired

The server has moved on; the page needs a fresh start.